Map: Prion Terraces

Players

xKawaiian

  • Race: Terran Terran
  • League: Master

VillaiN - Winner!

  • Race: Zerg Zerg
  • League: Grandmaster

VOD

Have the link to the VOD?

Description

Time

  • Played on: Jan. 12, 2016, 8:52 p.m.
  • Length: 5:45
Show
View Real Time Build Order
Export as new Build Order

xKawaiian Terran 

Build Orders: Reaper Expand 

Get SALT Encoding   

  12  0:00  SCV  
  13  0:13  SCV  
  14  0:17  Supply Depot  
  14  0:25  SCV  
  15  0:39  SCV  
  15  0:41  Barracks  
  16  0:45  Refinery  
  16  0:51  SCV  
  17  1:03  SCV  
  18  1:15  SCV  
  19  1:28  Orbital Command  
  19  1:29  Reaper  
  20  1:39  Command Center  
  20  1:49  Supply Depot  
  20  1:53  SCV  
  21  2:01  Barracks Reactor  
  21  2:05  SCV  
  21  2:07  Barracks  
  22  2:16  Barracks  
  22  2:20  SCV  
  23  2:33  SCV  
  24  2:38  Reaper x2  
  26  2:45  SCV  
  28  2:51  Orbital Command  
  28  2:55  Barracks Tech Lab  
  28  2:57  SCV  
  28  3:04  Refinery  
  28  3:07  Marine  
  28  3:08  Supply Depot  
  28  3:09  SCV  
  28  3:10  Reaper  
  31  3:16  Marine x2  
  31  3:18  SCV  
  34  3:21  SCV  
  35  3:31  Factory  
  35  3:33  SCV  
  35  3:39  Marine  
  35  3:40  Marine  
  37  3:41  SCV  
  37  3:43  Supply Depot  
  37  3:45  SCV  
  37  3:47  Marine x2  
  41  3:53  SCV  
  42  3:57  SCV, Marine x2  
  42  3:58  Supply Depot  
  45  4:05  Marine  
  45  4:06  Marine  
  45  4:09  SCV  
  48  4:10  SCV  
  48  4:15  Marine x2  
  50  4:17  Starport, Factory Reactor  
  50  4:21  Supply Depot, SCV  
  50  4:23  SCV  
  52  4:26  Marauder, Marine  
  55  4:33  SCV  
  55  4:35  SCV  
  55  4:36  Supply Depot  
  55  4:37  Marine  
  58  4:39  Bunker  
  58  4:45  SCV  
  58  4:47  SCV  
  58  4:49  Marauder, Marine x2  
  64  4:56  Marine  
  64  4:57  SCV  
  60  5:01  SCV  
  59  5:07  Marine x2  
  59  5:11  Marauder  
  59  5:13  Marine  
  51  5:24  Bunker  
  51  5:25  Marine x2  
  53  5:29  SCV  
Show
View Real Time Build Order
Export as new Build Order

VillaiN Zerg - Winner!

Build Orders: Hatch First, Ravager All-In 

Get SALT Encoding   

  12  0:01  Drone  
  13  0:13  Overlord  
  13  0:17  Drone  
  14  0:31  Drone x2  
  16  0:49  Hatchery  
  15  0:52  Drone  
  15  0:56  Drone  
  17  0:58  Drone  
  17  1:01  Extractor  
  17  1:14  Spawning Pool  
  17  1:17  Drone  
  17  1:22  Drone  
  18  1:29  Drone  
  19  1:40  Drone  
  20  1:52  Overlord  
  20  2:01  Queen x2  
  20  2:02  Metabolic Boost  
  20  2:06  Zergling x2  
  25  2:09  Zergling x2  
  25  2:13  Drone  
  25  2:15  Drone  
  28  2:26  Drone x2  
  30  2:34  Spore Crawler  
  30  2:35  Drone  
  31  2:43  Roach Warren, Queen  
  32  2:49  Drone x2  
  33  2:53  Overlord  
  33  2:55  Drone x2  
  35  3:01  Extractor  
  34  3:11  Drone  
  34  3:12  Drone x4  
  39  3:18  Drone x2  
  41  3:23  Overlord  
  41  3:38  Overlord  
  40  3:41  Roach  
  40  3:42  Roach  
  40  3:43  Roach x2  
  40  3:44  Roach  
  40  3:47  Overlord x2  
  50  3:49  Zergling x2  
  51  3:57  Roach x3  
  57  4:04  Zergling x4  
  59  4:10  Zergling x2  
  60  4:18  Zergling x4  
  60  4:19  Zergling x4  
  60  4:21  Hatchery  
  60  4:24  Zergling x8  
  64  4:29  Zergling x2  
  68  4:36  Zergling x2  
  68  4:37  Overlord  
  69  4:39  Ravager x4  
  73  4:46  Zergling x2  
  73  4:48  Overlord  
  73  4:49  Ravager  
  68  5:00  Zergling x2  
  68  5:01  Zergling x6  
  66  5:11  Zergling x8  
  66  5:22  Ravager  
  66  5:23  Ravager  
  66  5:24  Zergling x4  
  66  5:27  Extractor  
  69  5:29  Extractor  
  70  5:41  Hatchery  
Tags
 
Add a new tag
Caveats
  • Supply blocks, unpowered buildings, or Contaminate may cause inaccurate times.
  • Supply counts are checked every 10 seconds.